 Dungeon Crawl Stone Soup version 0.29.1-1-gd02db69 (webtiles) character file.

Game seed: 8202055280183012150

145 Kel the Trooper (level 5, 0/34 HPs)
             Began as a Gargoyle Fighter on Nov 23, 2022.
             Slain by Sigmund
             ... wielding a +0 scythe
              (3 damage)
             ... on level 3 of the Dungeon.
             The game lasted 00:03:15 (2766 turns).

Kel the Trooper (Gargoyle Fighter)                  Turns: 2766, Time: 00:03:16

Health: 0/34       AC: 13    Str: 19    XL:     5   Next: 27%
Magic:  5/5        EV:  7    Int:  9    God:
Gold:   151        SH:  4    Dex: 11    Spells: 4/4 levels left

rFire   . . .      SeeInvis .   a - +0 war axe
rCold   . . .      Faith    .   c - +0 buckler
rNeg    + . .      Spirit   .   k - +0 chain mail {rPois}
rPois   ∞          Reflect  .   (no helmet)
rElec   +          Harm     .   (no cloak)
rCorr   +          Rampage  .   (no gloves)
Will    .....                   (no boots)
Stlth   ..........              (no amulet)
HPRegen 0.11/turn               r - ring of resist corrosion
MPRegen 0.09/turn               (no ring)

@: no status effects
A: sickness immunity, AC +4, negative energy resistance 1, electricity
resistance, torment resistance 1, petrification resistance
a: no special abilities


You were on level 3 of the Dungeon.
You visited 1 branch of the dungeon, and saw 3 of its levels.

You collected 151 gold pieces.

Inventory:

Hand Weapons
 a - a +0 war axe (weapon)
Armour
 b - a +0 scale mail
 c - a +0 buckler (worn)
 k - a +0 chain mail of poison resistance (worn)
Jewellery
 r - a ring of resist corrosion (left hand)
 s - a +4 ring of protection
Scrolls
 e - 4 scrolls of identify {unknown}
 h - 2 scrolls of poison {unknown}
 j - 2 scrolls of teleportation {unknown}
 o - a scroll of butterflies {unknown}
 p - a scroll of vulnerability {unknown}
 q - a scroll of amnesia {unknown}
 t - a scroll of blinking {unknown}
Potions
 d - a potion of might
 f - 2 potions of heal wounds {unknown}
 g - 2 potions of curing {unknown}
 i - a potion of attraction {unknown}
 l - a potion of brilliance {unknown}
 m - 2 potions of flight {unknown}
 n - a potion of mutation {unknown}


   Skills:
 + Level 4.5 Fighting
 + Level 3.0 Axes
 + Level 4.4 Armour
 - Level 3.4 Shields


You had 4 spell levels left.
You didn't know any spells.
Your spell library contained the following spells:

 Spells                   Type           Power      Damage    Failure   Level
 Sandblast                Erth           0%         2d4       99%         1
 Passwall                 Tmut/Erth      0%         N/A       100%        2
 Stone Arrow              Conj/Erth      0%         3d7       100%        3


Dungeon Overview and Level Annotations

Branches:
Dungeon (3/15)

Altars:
Elyvilon
Hepliaklqana
Trog
Vehumet
Wu Jian
Xom
Yredelemnul

Shops:
D:3 :

Annotations:
D:3 Sigmund


Innate Abilities, Weirdness & Mutations

You are immune to sickness and miasma.
Your stone body is resilient. (AC +4)
You are immune to poison.
You resist negative energy. (rN+)
You are resistant to electric shocks. (rElec)
You are resistant to unholy torment.
You are immune to petrification.


Message History

Sigmund hits you with a +0 scythe!
You closely miss Sigmund. You block Sigmund's attack.
You barely miss Sigmund. Sigmund gestures at you while chanting.
The magic dart hits you but does no damage.
You barely miss Sigmund. Sigmund gestures at you while chanting.
You are confused.
Sigmund hits you from afar with a +0 scythe.
Sigmund hits you but does no damage.
You bump into the rock wall.
You slash Sigmund!
Sigmund is moderately wounded.
Sigmund barely misses you.
You barely miss Sigmund.
Sigmund is moderately wounded.
You feel less confused.
Sigmund points at you and mumbles some strange words.
The magic dart hits you.
You hit Sigmund but do no damage.
Sigmund is moderately wounded.
Sigmund hits you with a +0 scythe.
You slash Sigmund!
Sigmund is almost dead.
Sigmund casts a spell at you. The magic dart hits you.
* * * LOW HITPOINT WARNING * * *
Sigmund hits you with a +0 scythe.
* * * LOW HITPOINT WARNING * * *
You barely miss Sigmund.
Sigmund is severely wounded.
You closely miss Sigmund.
Sigmund is severely wounded.
Sigmund gestures wildly while chanting.
Sigmund flickers and vanishes!
Deactivating autopickup; reactivate with Ctrl-A.
You hear some strange, mumbled words.
Something tries to affect you, but you resist.
You closely miss something. Something hits you.
You die...

................#.#.#
.......#........#.#.# .#
.......######+#.#.#.# ..
.†.....#####....#.#.# ##
..|....'..##....#.#.#
.......##.##....#.#.#
.......##.##....#.#.#
.......##.##...{#.#
#########..##+#.@.# #
##..#.#####.# #### ##.........#
#... #####..#### #.##
##############.# #...
...............# #..#
...............### ### #..#
.....................# ##..#
..............#..###.######..##


There were no monsters in sight!

Vanquished Creatures
  Terence (D:2)
  2 orc wizards (D:3)
  An adder (D:3)
  A worm (D:3)
  An orc (D:3)
  6 bats
  8 endoplasms
  3 giant cockroaches
  A goblin (D:1)
  5 hobgoblins
  3 jackals (D:2)
  4 kobolds
  5 quokkas
  6 ball pythons
  6 frilled lizards
  2 rats (D:1)
55 creatures vanquished.

Notes
Turn   | Place    | Note
-------+----------+-------------------------------------------
     0 | D:1      | Kel the Gargoyle Fighter began the quest for the Orb.
     0 | D:1      | Reached XP level 1. HP: 14/14 MP: 1/1
   330 | D:1      | Reached XP level 2. HP: 18/19 MP: 2/2
   391 | D:1      | You fall into a shaft and drop 1 floor!
   895 | D:1      | Reached XP level 3. HP: 14/24 MP: 3/3
  1206 | D:1      | Found a faded altar of an unknown god.
  1509 | D:2      | Noticed Terence
  1532 | D:2      | Killed Terence
  1533 | D:2      | Reached XP level 4. HP: 29/29 MP: 4/4
  2106 | D:3      | Reached XP level 5. HP: 11/34 MP: 5/5
  2505 | D:3      | Found a basalt altar of Yredelemnul.
  2505 | D:3      | Found a bloodstained altar of Trog.
  2506 | D:3      | Found a hazy altar of Hepliaklqana.
  2506 | D:3      | Found a shimmering altar of Xom.
  2506 | D:3      | Found a white marble altar of Elyvilon.
  2506 | D:3      | Found an ornate altar of the Wu Jian Council.
  2519 | D:3      | Found a radiant altar of Vehumet.
  2587 | D:3      | Found Hamuigg's Book Shop.
  2737 | D:3      | Noticed Sigmund
  2766 | D:3      | Slain by Sigmund

Illustrated notes

Levels and vault maps discovered:
D:1:      dpeg_arrival_ternary, layout_rooms,
          hellmonk_ecumenical_altar_heavens_door, minmay_unequal
D:2:      layout_loops_corners, uniq_terence
D:3:      layout_basic, grunt_temple_overflow_open, serial_shops, shop,
          uniq_sigmund

Skill      XL: |  1  2  3  4  5 |
---------------+----------------+-----
Axes           | 2 3 |  3.0
Fighting       | 4 |  4.5
Armour         | 4 |  4.4
Shields        | |  3.4

Action                   |  1- 3 |  4- 6 || total
-------------------------+-------+-------++-------
Melee: War axe           |   105 |   108 ||   213
Armor: Scale mail        |    37 |       ||    37
       Chain mail        |    38 |   101 ||   139
Dodge: Dodged            |    58 |    41 ||    99
Block: Buckler           |    24 |    27 ||    51
